[Event "Titled Tuesday Blitz August 23 Late 2022"]
[White "Livaic, Leon"]
[Black "Moroni, Luca Jr"]
[WhiteFideId "14531534"]
[BlackFideId "865834"]
[WhiteElo "2540"]
[BlackElo "2573"]
[Result "0-1"]
[Round "08"]
[TimeControl "180+1"]
[Date "2022.08.23"]
[WhiteClock "0:00:05"]
[BlackClock "0:00:01"]

1. d4 g6 2. c4 Bg7 3. Nc3 d6 4. e4 c5 5. d5 Bxc3+ 6. bxc3 e5 7. f4 Qh4+ 8. g3 Qe7 9. fxe5 Qxe5 10. Qd3 Nf6 11. Bg2 Bf5 12. Bf4 Qe7 13. Bxd6 Qxd6 14. exf5 Nbd7 15. Nf3 O-O-O 16. O-O Ng4 17. Rae1 Nge5 18. Nxe5 Nxe5 19. Qe4 f6 20. fxg6 hxg6 21. Qf4 Rdf8 22. h4 Kc7 23. a4 Rh5 24. a5 Rf7 25. Bh3 Rf8 26. Bg4 Rhh8 27. Be6 Rh5 28. Kg2 Nd3 29. Qxd6+ Kxd6 30. Rb1 Rh7 31. Bh3 Re7 32. Be6 Rh7 33. Rf3 Ne5 34. Rf4 Rhh8 35. Rbf1 Ke7 36. Bh3 f5 37. Rb1 Rb8 38. Rf2 Nxc4 39. Re2+ Kd6 40. Re6+ Kxd5 41. Rxg6 Ne5 42. Rg5 Kc4 43. Rxf5 Nd3 44. Rbf1 Rhe8 45. Rf7 Kxc3 46. Kg1 b5 47. Bf5 b4 48. Rf3 c4 49. Rc7 Rbd8 50. h5 b3 51. Rxa7 b2 52. Rb7 Re1+ 53. Kg2 b1=Q 54. Rxb1 Rxb1 55. h6 Rb2+ 56. Kh3 Rh8 57. h7 Rb5 58. g4 Rxa5 59. g5 Rxf5 60. Rxf5 Rxh7+ 61. Kg4 Rh8 62. g6 Kd2 63. Kg5 c3 64. Rf7 Rc8 65. Rc7 Rxc7 0-1


[Site "https://www.chess.com"]

[Event "Titled Tuesday Blitz August 23 Late 2022"]
[White "Makarian, Rudik"]
[Black "Schmakel, Sam"]
[WhiteFideId "44105681"]
[BlackFideId "2039311"]
[WhiteElo "2403"]
[BlackElo "2356"]
[Result "1-0"]
[Round "08"]
[TimeControl "180+1"]
[Date "2022.08.23"]
[WhiteClock "0:00:30"]
[BlackClock "0:00:01"]

1. d3 g6 2. g3 Bg7 3. Bg2 d5 4. f4 Nf6 5. Nf3 O-O 6. O-O c5 7. Ne5 Nbd7 8. e4 Nxe5 9. fxe5 Ng4 10. exd5 Nxe5 11. Nc3 c4 12. d4 Nd7 13. Kh1 Nf6 14. Qe2 a6 15. a4 Bd7 16. Qxc4 b5 17. Qe2 b4 18. Ne4 Nxd5 19. Bg5 h6 20. Nc5 Bc6 21. Bd2 a5 22. Ne6 Qd7 23. Nxf8 Rxf8 24. Rae1 Bxa4 25. Qc4 e6 26. Qc5 Bb5 27. Bxd5 Qxd5+ 28. Qxd5 exd5 29. Rf4 Rc8 30. c3 bxc3 31. Bxc3 h5 32. Re7 Be8 33. Ra7 a4 34. Kg2 Bf8 35. Rf2 Bd6 36. Re2 Bb5 37. Rf2 Be8 38. Kf3 Kg7 39. Ke3 g5 40. Rf5 Kg6 41. Rxd5 Bb4 42. Bxb4 1-0


[Site "https://www.chess.com"]

[Event "Titled Tuesday Blitz August 23 Late 2022"]
[White "Matinian, Nikita"]
[Black "Vovk, Orest"]
[WhiteFideId "24129100"]
[BlackFideId "14113490"]
[WhiteElo "2422"]
[BlackElo "2203"]
[Result "1-0"]
[Round "08"]
[TimeControl "180+1"]
[Date "2022.08.23"]
[WhiteClock "0:01:36"]
[BlackClock "0:00:23"]

1. e4 g5 2. d4 h6 3. Nc3 Bg7 4. h4 g4 5. Be3 d6 6. Bc4 c6 7. a4 Qa5 8. Ne2 Nf6 9. Ng3 Nbd7 10. Nf5 Bf8 11. Qd3 e6 12. Ng3 d5 13. Bb3 dxe4 14. Nxe4 Nxe4 15. Qxe4 Nf6 16. Qe5 Qxe5 17. dxe5 Nd7 18. Ne4 Nxe5 19. Bd4 Bg7 20. Nd6+ Kd7 21. Bxe5 Bxe5 22. Nxf7 Bxb2 23. Rd1+ Ke7 24. Nxh8 Bc3+ 25. Ke2 Bxh8 26. f3 g3 27. f4 e5 28. Kf3 exf4 29. Rhe1+ Kf6 30. Kxf4 Kg6 31. Rd6+ Bf6 32. Re8 1-0


[Site "https://www.chess.com"]

[Event "Titled Tuesday Blitz August 23 Late 2022"]
[White "Melkumyan, Hrant"]
[Black "Theodorou, Nikolas"]
[WhiteFideId "13302485"]
[BlackFideId "4262875"]
[WhiteElo "2604"]
[BlackElo "2484"]
[Result "0-1"]
[Round "08"]
[TimeControl "180+1"]
[Date "2022.08.23"]
[WhiteClock "0:00:06"]
[BlackClock "0:00:03"]

1. c4 Nf6 2. d4 g6 3. Nc3 Bg7 4. e4 d6 5. Be2 O-O 6. h4 h5 7. Nf3 Na6 8. Bg5 Bg4 9. Qd2 c6 10. O-O Nc7 11. Rad1 d5 12. e5 Ne4 13. Nxe4 dxe4 14. Ne1 Bf5 15. Nc2 c5 16. dxc5 Qxd2 17. Rxd2 Rfe8 18. Ne3 Bc8 19. Nd5 Bxe5 20. Nxe7+ Kg7 21. Nd5 Ne6 22. Be3 a5 23. g3 a4 24. b4 axb3 25. axb3 Ra3 26. b4 Nc7 27. Nxc7 Bxc7 28. Kg2 Be6 29. Rc1 Be5 30. b5 Rc8 31. Rcd1 Bf6 32. Rd6 Bf5 33. Rb6 Ra2 34. Bf1 Bg4 35. Rc1 Bf3+ 36. Kg1 Rd8 37. Rxb7 Bb2 38. Rb1 Bd4 39. Bxd4+ Rxd4 40. b6 e3 41. Ra7 Rxf2 42. b7 Bxb7 43. Raxb7 Rg4 44. R7b2 Rxg3+ 45. Kh1 Rf4 46. Bg2 Rxh4+ 47. Kg1 Rxc4 48. c6 h4 49. Kh2 Rg5 50. Rb4 Rc2 51. R1b2 Rgxg2+ 52. Kh3 Rxb2 0-1


[Site "https://www.chess.com"]

[Event "Titled Tuesday Blitz August 23 Late 2022"]
[White "Navarrete Mendez, Gonzalo Alberto"]
[Black "Papasimakopoulos, Alexandros"]
[WhiteFideId "5106850"]
[BlackFideId "4244125"]
[WhiteElo "2261"]
[BlackElo "2357"]
[Result "0-1"]
[Round "08"]
[TimeControl "180+1"]
[Date "2022.08.23"]
[WhiteClock "0:00:01"]
[BlackClock "0:00:44"]

1. e4 e6 2. d4 d5 3. Nc3 Bb4 4. e5 b6 5. a3 Bf8 6. Nce2 Ba6 7. c3 c5 8. Nf3 Ne7 9. g3 Nf5 10. Bg2 Nc6 11. Qa4 Qc8 12. b4 Bc4 13. Nd2 Bxe2 14. Kxe2 cxd4 15. Bb2 a6 16. Rhc1 b5 17. Qd1 d3+ 18. Kxd3 Nxe5+ 19. Ke2 Bd6 20. c4 bxc4 21. Bxe5 Bxe5 22. Rab1 Rb8 23. Kf1 O-O 24. Nf3 Bf6 25. h4 Qc6 26. Bh3 Nd6 27. Bg2 Qb6 28. Ng5 Bxg5 29. hxg5 Rfd8 30. Qh5 a5 31. b5 a4 32. Re1 Qc5 33. Kg1 Nxb5 34. Bh3 g6 35. Qh6 Nd4 36. Rbd1 Nf3+ 37. Kg2 Nxe1+ 38. Rxe1 Rb2 39. Rf1 Qd4 40. Qh4 Qxh4 41. gxh4 c3 42. Rc1 d4 43. Bg4 c2 0-1


[Site "https://www.chess.com"]

[Event "Titled Tuesday Blitz August 23 Late 2022"]
[White "Nazaretyan, Tigran"]
[Black "Shirov, Alexei"]
[WhiteFideId "24162345"]
[BlackFideId "2209390"]
[WhiteElo "2183"]
[BlackElo "2678"]
[Result "0-1"]
[Round "08"]
[TimeControl "180+1"]
[Date "2022.08.23"]
[WhiteClock "0:00:02"]
[BlackClock "0:00:38"]

1. d4 d5 2. c4 c6 3. Nf3 Nf6 4. Nc3 e6 5. e3 Nbd7 6. Qc2 Bd6 7. Be2 O-O 8. O-O dxc4 9. a4 e5 10. Bxc4 Qe7 11. h3 e4 12. Nd2 Nb6 13. Ba2 Bf5 14. f3 Nbd5 15. Ndxe4 Kh8 16. Bb1 Nxc3 17. bxc3 Rae8 18. Qb3 Nxe4 19. fxe4 Bxe4 20. Bxe4 Qxe4 21. Qxb7 Re6 22. Rxf7 Rxf7 23. Qxf7 Rf6 24. Qh5 Qd3 25. Ba3 Qxe3+ 26. Kh1 Bxa3 27. Qa5 h6 28. Qxa7 Bd6 29. Qa8+ Kh7 30. Qxc6 Qf4 0-1


[Site "https://www.chess.com"]

[Event "Titled Tuesday Blitz August 23 Late 2022"]
[White "Noboa Silva, Kevin"]
[Black "Fishbein, Alexander"]
[WhiteFideId "3618471"]
[BlackFideId "2000377"]
[WhiteElo "2172"]
[BlackElo "2410"]
[Result "0-1"]
[Round "08"]
[TimeControl "180+1"]
[Date "2022.08.23"]
[WhiteClock "0:00:01"]
[BlackClock "0:00:18"]

1. d4 Nf6 2. c4 c5 3. d5 b5 4. Qc2 b4 5. e4 d6 6. a3 a5 7. axb4 cxb4 8. c5 dxc5 9. Bb5+ Bd7 10. Bc4 e5 11. Nf3 Bd6 12. Be3 O-O 13. Nbd2 a4 14. h3 Na6 15. O-O b3 16. Qc3 Nb4 17. Nxe5 Nc2 18. Rac1 Nxe3 19. fxe3 Qe7 20. Nc6 Bxc6 21. dxc6 Be5 22. Qd3 Bxb2 23. Rb1 Rad8 24. Bd5 Be5 25. Nc4 Bc7 26. Ra1 Ra8 27. Ra3 Rfe8 28. Nb2 Qe5 29. Nxa4 b2 30. Ra2 Rab8 31. Rb1 Qh2+ 32. Kf2 Bg3+ 33. Kf3 Be5 34. Kf2 h6 35. Nxb2 Rb4 36. Nc4 Rxc4 37. Qxc4 Qg3+ 38. Kf1 Qxe3 39. Bxf7+ Kh7 40. Bxe8 Nxe4 41. Bg6+ Kxg6 42. Qe6+ Bf6 43. Qg4+ Kh7 44. Re2 Ng3+ 45. Qxg3 Qxg3 46. Rc1 Bd4 47. Rd1 Qf4+ 48. Ke1 Bc3+ 49. Rdd2 Bxd2+ 50. Rxd2 Qe4+ 51. Kd1 Qxc6 52. Kc2 c4 53. Kc3 Qe4 54. Kb2 Qe3 55. Kc1 c3 0-1


[Site "https://www.chess.com"]

[Event "Titled Tuesday Blitz August 23 Late 2022"]
[White "Odegov, Artem"]
[Black "Mladek, Richard"]
[WhiteFideId "34183644"]
[BlackFideId "386588"]
[WhiteElo "2286"]
[BlackElo "2263"]
[Result "0-1"]
[Round "08"]
[TimeControl "180+1"]
[Date "2022.08.23"]
[WhiteClock "0:00:04"]
[BlackClock "0:00:16"]

1. d4 d5 2. c4 e6 3. Nf3 Nf6 4. Nc3 Be7 5. Bg5 O-O 6. e3 h6 7. Bxf6 Bxf6 8. Qc2 c6 9. h4 Nd7 10. g4 e5 11. g5 exd4 12. gxf6 dxc3 13. fxg7 Re8 14. Qxc3 Qf6 15. Qxf6 Nxf6 16. Rg1 Bg4 17. Nd4 Rad8 18. Be2 dxc4 19. O-O-O Rxd4 20. Rxd4 Bxe2 21. Rd6 Nh5 22. Rxh6 Nxg7 23. h5 Re5 24. Kd2 Bxh5 25. Rh1 Kf8 26. Kc3 Bg6 27. Rh8+ Ke7 28. Rb8 Rb5 29. Rhh8 Ne6 30. f4 Kd6 31. Ra8 a6 32. a4 Rb3+ 33. Kxc4 Rxe3 34. Rab8 b5+ 35. axb5 axb5+ 36. Kb4 Re4+ 37. Ka5 Rxf4 38. Kb6 Rb4 39. Rh1 Be4 40. Rd1+ Bd5 41. Rb7 f5 42. Rf7 f4 43. Rh7 Rxb2 44. Rc1 b4 45. Rf7 b3 46. Ka5 Ra2+ 47. Kb4 b2 48. Rb1 Be4 49. Rd1+ Ke5 50. Kc3 b1=Q 51. Rxb1 Bxb1 52. Re7 Be4 53. Rb7 Ra3+ 54. Kb4 Ra1 55. Rf7 Bd5 56. Kc3 Ra3+ 57. Kb2 Rh3 58. Ka1 c5 59. Re7 Kd4 60. Re8 c4 61. Rh8 Rxh8 62. Kb2 Rh2+ 63. Ka3 Kc5 64. Ka4 Ra2# 0-1


[Site "https://www.chess.com"]

[Event "Titled Tuesday Blitz August 23 Late 2022"]
[White "Ostrovskiy, Aleksandr"]
[Black "Levine, Joseph"]
[WhiteFideId "2034239"]
[BlackFideId "30940346"]
[WhiteElo "2340"]
[BlackElo "1810"]
[Result "0-1"]
[Round "08"]
[TimeControl "180+1"]
[Date "2022.08.23"]
[WhiteClock "0:00:01"]
[BlackClock "0:00:04"]

1. d4 d5 2. Bf4 Nf6 3. e3 Bf5 4. c4 e6 5. Nc3 Nbd7 6. Nf3 Bd6 7. Bxd6 cxd6 8. cxd5 Nxd5 9. Nxd5 exd5 10. Bd3 Be4 11. O-O O-O 12. Bxe4 dxe4 13. Nd2 d5 14. Qb3 Nb6 15. a4 Qd6 16. Rfc1 a5 17. Rc5 f5 18. Rac1 Rf7 19. Rb5 Ra6 20. Rcc5 f4 21. Nxe4 Qg6 22. Rxb6 Rxb6 23. Rc8+ Rf8 24. Qxd5+ Re6 25. Rxf8+ Kxf8 26. Qc5+ Kg8 27. f3 fxe3 28. Qc8+ Re8 29. Qxb7 e2 30. Kf2 Qxg2+ 31. Kxg2 e1=Q 32. Qd5+ Kh8 33. Ng5 Re2+ 34. Kh3 Qf1+ 35. Kg4 Rg2+ 36. Kf5 Qd3+ 37. Ke6 Qg6+ 38. Ke7 Qxg5+ 39. Qxg5 Rxg5 40. Ke6 Kg8 41. d5 Kf8 42. f4 Rg2 43. Kd7 Rxh2 44. d6 Rd2 45. Kc7 h5 46. d7 Ke7 0-1


[Site "https://www.chess.com"]

[Event "Titled Tuesday Blitz August 23 Late 2022"]
[White "Paravyan, David"]
[Black "Deac, Bogdan-Daniel"]
[WhiteFideId "4194985"]
[BlackFideId "1226380"]
[WhiteElo "2569"]
[BlackElo "2648"]
[Result "1-0"]
[Round "08"]
[TimeControl "180+1"]
[Date "2022.08.23"]
[WhiteClock "0:00:05"]
[BlackClock "0:00:02"]

1. e4 c6 2. d4 d5 3. e5 Bf5 4. h4 h5 5. Bd3 Bxd3 6. Qxd3 e6 7. Nf3 c5 8. Bg5 Qb6 9. O-O Nc6 10. dxc5 Bxc5 11. Nc3 Nge7 12. Na4 Qa5 13. Nxc5 Qxc5 14. a3 Qc4 15. Qxc4 dxc4 16. Rfe1 Nd5 17. Re4 c3 18. b3 a5 19. Rc4 O-O 20. Kf1 Rfc8 21. Be3 a4 22. bxa4 Nce7 23. Rxc8+ Nxc8 24. Rb1 b6 25. Rb3 Rxa4 26. Bd4 Nce7 27. Bxb6 Nf5 28. g3 Nxb6 29. Rxb6 Rxa3 30. Ng5 Ra8 31. Rc6 Nd4 32. Rxc3 f6 33. exf6 gxf6 34. Nf3 Nf5 35. Kg2 e5 36. Rc7 Ra2 37. Nd2 Nd4 38. Ne4 Ra6 39. c3 Nb5 40. Rb7 Na3 41. Rd7 Nc4 42. Rc7 Na3 43. c4 f5 44. Ng5 e4 45. c5 Nb5 46. Rc8+ Kg7 47. Nh3 Ra2 48. Kf1 Ra1+ 49. Kg2 Ra2 50. Re8 Rc2 51. Nf4 Nd4 52. Nxh5+ Kf7 53. Rd8 Ne6 54. Rd7+ Kg6 55. Nf4+ Nxf4+ 56. gxf4 Rxc5 57. Rd8 Rc3 58. Rg8+ Kf6 59. Rg5 Re3 60. fxe3 1-0


[Site "https://www.chess.com"]

[Event "Titled Tuesday Blitz August 23 Late 2022"]
[White "Preotu, Razvan"]
[Black "Hardaway, Brewington"]
[WhiteFideId "2613280"]
[BlackFideId "30941849"]
[WhiteElo "2407"]
[BlackElo "1813"]
[Result "0-1"]
[Round "08"]
[TimeControl "180+1"]
[Date "2022.08.23"]
[WhiteClock "0:00:03"]
[BlackClock "0:00:16"]

1. e4 c5 2. Nf3 e6 3. c3 Nf6 4. e5 Nd5 5. d4 cxd4 6. cxd4 d6 7. Bc4 Nc6 8. O-O Be7 9. Qe2 O-O 10. Nc3 dxe5 11. dxe5 Nxc3 12. bxc3 Qa5 13. Bd2 Rd8 14. Bd3 g6 15. Rab1 a6 16. h4 h5 17. Rfe1 Qxa2 18. Qe3 Qd5 19. Be4 Qc5 20. Qf4 a5 21. Be3 Qc4 22. Bb6 Re8 23. Ng5 Bxg5 24. Qxg5 Ne7 25. Rbd1 Qxc3 26. Bd8 Qb4 27. Re3 Bd7 28. Bc7 Bc6 29. Bd6 Qa4 30. Rde1 Nf5 31. Bxf5 exf5 32. e6 Qg4 33. exf7+ Kxf7 34. Re7+ Kg8 35. Rxe8+ Rxe8 36. Rxe8+ Bxe8 37. Qe7 Bf7 38. Qxf7+ Kxf7 0-1


[Site "https://www.chess.com"]

[Event "Titled Tuesday Blitz August 23 Late 2022"]
[White "Pulpan, Jakub"]
[Black "Martinez Alcantara, Jose Eduardo"]
[WhiteFideId "302759"]
[BlackFideId "3805662"]
[WhiteElo "2451"]
[BlackElo "2703"]
[Result "0-1"]
[Round "08"]
[TimeControl "180+1"]
[Date "2022.08.23"]
[WhiteClock "0:00:02"]
[BlackClock "0:00:02"]

1. d4 Nf6 2. Nf3 e6 3. c4 Bb4+ 4. Bd2 Qe7 5. g3 Bxd2+ 6. Nbxd2 d6 7. Bg2 a5 8. O-O O-O 9. Rc1 e5 10. e3 Nc6 11. c5 e4 12. cxd6 cxd6 13. Ne1 d5 14. a3 h5 15. f3 exf3 16. Qxf3 Re8 17. Rc3 Bg4 18. Qf2 Qd7 19. Nd3 Re7 20. Nf4 Qd6 21. Rc5 Be6 22. Bf3 Ng4 23. Bxg4 hxg4 24. Nh5 f6 25. Nf4 Rd8 26. Rfc1 Bf7 27. Nf1 Rde8 28. Qg2 Rd7 29. Qc2 g5 30. Ng2 Kg7 31. Qf5 Be6 32. Qf2 Qe7 33. Nd2 Bf7 34. Rf1 Bg6 35. Rc3 Rf8 36. Ne1 Qd6 37. Nd3 Re7 38. Nc5 Nd8 39. b4 axb4 40. axb4 b6 41. Na6 Be8 42. Rfc1 Bg6 43. Nc7 Rff7 44. Nb5 Qd7 45. Na3 Qe6 46. Qf1 Nb7 47. Qa6 Nd6 48. Qxb6 Rb7 49. Qa6 Ra7 50. Qe2 Ne4 51. Nxe4 Bxe4 52. Rb3 Bf3 53. Qf2 Rac7 54. Rf1 Qb6 55. Nb1 Qb5 56. Rb2 Be4 57. Nd2 Bd3 58. Re1 Rc3 59. e4 dxe4 60. Nxe4 Bxe4 61. Rxe4 Rf3 62. Qe2 Qf5 63. b5 Rc3 64. Rb1 Qc8 65. Qd2 Rc2 66. Qd3 Rc3 67. Qf1 Qb7 68. Re2 Rf3 69. Qg2 Qb6 70. Rd2 Rd7 71. Kh1 Rxd4 72. Rxd4 Qxd4 73. b6 Qe4 74. Rc1 Kh6 75. h3 gxh3 76. Qxh3+ Kg6 77. Qg2 g4 78. Rd1 Qc6 79. Rb1 Qe4 80. Rc1 Kg5 81. Qd2+ Kg6 82. Qg2 f5 83. Kh2 f4 84. Rg1 Kf5 85. Kh1 Qd4 86. gxf4 Qh8+ 87. Qh2 Rh3 88. Rg2 Rxh2+ 89. Rxh2 Qa1+ 90. Kg2 Qb2+ 91. Kg3 Qxb6 92. Rh5+ Kg6 93. Rg5+ Kf6 94. Kxg4 Qg1+ 95. Kf3 Qe1 96. Re5 Qh1+ 97. Kg3 Kf7 98. Kf2 Qh3 99. Rg5 Kf6 100. Re5 Qg4 101. Ke3 Qg3+ 102. Ke4 Qc3 103. Rf5+ Kg6 104. Rg5+ Kf6 105. Rf5+ Kg6 106. Rg5+ Kh6 107. Kf5 Qf3 108. Ke5 Qe3+ 109. Kf5 Qe2 110. Rg6+ Kh5 111. Rg5+ Kh4 112. Kg6 Qe6+ 113. Kg7 Qd6 114. Rf5 Kg4 115. Rf6 Qd3 116. Rf7 Qd4+ 117. Kg6 Qd8 118. f5 Qg5+ 119. Kh7 Kf4 0-1


[Site "https://www.chess.com"]

[Event "Titled Tuesday Blitz August 23 Late 2022"]
[White "Romanchuk, Viktor"]
[Black "Rustemov, Alexander"]
[WhiteFideId "14109271"]
[BlackFideId "4119002"]
[WhiteElo "2242"]
[BlackElo "2743"]
[Result "0-1"]
[Round "08"]
[TimeControl "180+1"]
[Date "2022.08.23"]
[WhiteClock "0:00:16"]
[BlackClock "0:00:19"]

1. d4 f5 2. Nc3 Nf6 3. Bg5 d5 4. f3 g6 5. Qd2 Bg7 6. Bh6 O-O 7. O-O-O Nc6 8. h4 Nh5 9. Nh3 e6 10. Bxg7 Kxg7 11. Nf4 Nxf4 12. Qxf4 Qd6 13. e3 h6 14. Nb5 Qxf4 15. exf4 Rf7 16. Nc3 a6 17. Na4 b6 18. b3 Bd7 19. Nb2 Kf6 20. c3 Rh8 21. Nd3 a5 22. Re1 Rfh7 23. Be2 g5 24. Rh2 gxf4 25. Nxf4 h5 26. Nh3 Rg7 27. Ng5 Nd8 28. Rhh1 Nf7 29. Nxf7 Kxf7 30. Bf1 Kf6 31. Kd2 f4 32. Ke2 c5 33. Kd2 a4 34. Re5 a3 35. Re1 Rc8 36. Rg1 b5 37. Be2 b4 38. dxc5 bxc3+ 39. Kxc3 Rxc5+ 40. Kd2 e5 41. Rc1 Rxc1 42. Kxc1 e4 43. Kd2 Ke5 44. Kc3 d4+ 45. Kb4 d3 0-1


[Site "https://www.chess.com"]

[Event "Titled Tuesday Blitz August 23 Late 2022"]
[White "Seo, Jung Min"]
[Black "Shimanov, Aleksandr"]
[WhiteFideId "1734687"]
[BlackFideId "4198603"]
[WhiteElo "2414"]
[BlackElo "2605"]
[Result "0-1"]
[Round "08"]
[TimeControl "180+1"]
[Date "2022.08.23"]
[WhiteClock "0:01:00"]
[BlackClock "0:00:59"]

1. d4 Nf6 2. c4 g6 3. Nc3 Bg7 4. e4 d6 5. h3 O-O 6. Be3 Na6 7. g4 e5 8. d5 Nc5 9. f3 a5 10. Nge2 c6 11. Ng3 a4 12. h4 Qa5 13. Rc1 a3 14. b3 cxd5 15. cxd5 b5 16. Qd2 b4 17. Nd1 Nfd7 18. Bh6 f6 19. Bxg7 Kxg7 20. Ne3 Nb6 21. Nc2 Ba6 22. h5 Bxf1 23. Kxf1 Qb5+ 24. Kg1 Qd3 25. Qf2 Qc3 26. Ne2 Qd2 27. Kg2 Nd3 28. Rhd1 Qxd1 29. Rxd1 Nxf2 30. Kxf2 f5 31. gxf5 gxf5 32. exf5 Rxf5 33. Nxb4 Raf8 34. Rg1+ Kh6 35. Rg3 e4 36. Nd4 Rxh5 0-1


[Site "https://www.chess.com"]

[Event "Titled Tuesday Blitz August 23 Late 2022"]
[White "Siniauski, Artsiom"]
[Black "Pakleza, Zbigniew"]
[WhiteFideId "13512269"]
[BlackFideId "1119290"]
[WhiteElo "2139"]
[BlackElo "2411"]
[Result "0-1"]
[Round "08"]
[TimeControl "180+1"]
[Date "2022.08.23"]
[WhiteClock "0:00:07"]
[BlackClock "0:00:04"]

1. Nf3 d5 2. c4 c6 3. g3 Nf6 4. Bg2 Bf5 5. O-O e6 6. b3 Be7 7. Bb2 O-O 8. d3 h6 9. Nbd2 a5 10. Qc2 Bh7 11. e4 Na6 12. a3 Nc5 13. Ne1 dxe4 14. dxe4 Qb6 15. Rb1 Rfd8 16. Bc3 Na6 17. Qb2 Rd7 18. e5 Ne8 19. Ne4 Rad8 20. Nc2 Nc5 21. Nxc5 Bxc5 22. b4 axb4 23. axb4 Bf8 24. Ra1 c5 25. b5 Qc7 26. b6 Qb8 27. Ne3 g5 28. Rfe1 Bg7 29. Ra5 Rd3 30. Rxc5 Bg6 31. h3 Nd6 32. Ng4 Nf5 33. Nf6+ Bxf6 34. exf6 Qd6 35. Rc7 Nd4 36. Bxd4 Rxd4 37. Bxb7 g4 38. h4 Rd2 39. Qc3 Qxb6 40. Re7 Qxf2+ 41. Kh1 Qh2# 0-1


[Site "https://www.chess.com"]

[Event "Titled Tuesday Blitz August 23 Late 2022"]
[White "Tanenbaum, Zachary"]
[Black "Vasquez Schroeder, Rodrigo"]
[WhiteFideId "2060850"]
[BlackFideId "3400042"]
[WhiteElo "2175"]
[BlackElo "2567"]
[Result "0-1"]
[Round "08"]
[TimeControl "180+1"]
[Date "2022.08.23"]
[WhiteClock "0:00:01"]
[BlackClock "0:00:47"]

1. e4 c5 2. Nf3 d6 3. d4 cxd4 4. Nxd4 Nf6 5. Nc3 a6 6. Be3 Nbd7 7. f3 h5 8. Qd2 e6 9. O-O-O b5 10. h3 h4 11. Rg1 Bb7 12. g3 hxg3 13. Rxg3 b4 14. Nce2 d5 15. exd5 Nxd5 16. Nf4 Nxe3 17. Qxe3 Qb6 18. Bc4 O-O-O 19. Nfxe6 fxe6 20. Qxe6 Bc5 21. Nf5 Rhe8 22. Qxb6 Nxb6 23. Rxd8+ Rxd8 24. Be6+ Kb8 25. Rxg7 Bxf3 26. Rg8 Rxg8 27. Bxg8 Be4 28. Be6 Kc7 29. h4 Bf3 30. Kd2 Nd7 31. Ne3 Nf6 32. Bc4 a5 33. Nf5 Bf2 34. Ng7 Bxh4 35. Ne6+ Kb6 36. Ke3 Bc6 37. Nd4 Bg5+ 38. Ke2 Bd7 39. Be6 Be8 40. Bf5 Nd5 41. Be4 Nc7 42. Nf3 Bf6 43. b3 Ne6 44. Bd3 Nf4+ 45. Ke3 Nxd3 46. Kxd3 Bg6+ 47. Kd2 Kc5 48. Ne1 Bc3+ 49. Kd1 Be4 0-1


[Site "https://www.chess.com"]

[Event "Titled Tuesday Blitz August 23 Late 2022"]
[White "Tristan, Leonardo"]
[Black "Mihajlov, Sebastian"]
[WhiteFideId "113816"]
[BlackFideId "1512110"]
[WhiteElo "2404"]
[BlackElo "2464"]
[Result "1-0"]
[Round "08"]
[TimeControl "180+1"]
[Date "2022.08.23"]
[WhiteClock "0:00:54"]
[BlackClock "0:00:06"]

1. d4 d5 2. Nf3 c6 3. Bf4 Nf6 4. e3 g6 5. c4 Bg7 6. Nc3 O-O 7. h3 Nbd7 8. cxd5 Nxd5 9. Nxd5 cxd5 10. Bd3 Nf6 11. O-O Bf5 12. Bxf5 gxf5 13. Rc1 e6 14. Qb3 Qb6 15. Rc7 Qxb3 16. axb3 Rfc8 17. Rxb7 Ne4 18. b4 Rc2 19. Ra1 Rxb2 20. Raxa7 Rxa7 21. Rxa7 h5 22. Ne5 Rxb4 23. Nxf7 Rb1+ 24. Kh2 Nxf2 25. Kg3 Ne4+ 26. Kh4 Rg1 27. g3 Bf6+ 28. Kxh5 Nxg3+ 29. Kg6 Ne4+ 30. Ng5 Bxg5 31. Ra8+ Bd8+ 32. Kh6 Kf7 33. Rxd8 Nf6 34. Bg5 Rg3 35. h4 Ng4+ 36. Kh7 Nf6+ 37. Kh8 Nh5 38. Rd7+ Kf8 39. Kh7 Rg4 40. Kg6 Ng3 41. Rd8# 1-0


[Site "https://www.chess.com"]

[Event "Titled Tuesday Blitz August 23 Late 2022"]
[White "Xiong, Jeffery"]
[Black "Carlsen, Magnus"]
[WhiteFideId "2047640"]
[BlackFideId "1503014"]
[WhiteElo "2714"]
[BlackElo "2830"]
[Result "1/2-1/2"]
[Round "08"]
[TimeControl "180+1"]
[Date "2022.08.23"]
[WhiteClock "0:00:03"]
[BlackClock "0:00:20"]

1. c4 g6 2. d4 Bg7 3. e4 e6 4. h4 h6 5. Nc3 Ne7 6. Nf3 d5 7. e5 c5 8. dxc5 Nbc6 9. Bf4 Qa5 10. Qd2 Qxc5 11. Rc1 Qa5 12. cxd5 Nxd5 13. Nxd5 Qxd2+ 14. Kxd2 exd5 15. Bb5 O-O 16. Bxc6 bxc6 17. Rxc6 d4 18. Nxd4 Bb7 19. Rc7 Bxg2 20. Rg1 Bd5 21. Nf5 Kh7 22. Nxg7 Kxg7 23. b3 a5 24. Be3 a4 25. h5 g5 26. f4 axb3 27. axb3 Ra2+ 28. Rc2 Rxc2+ 29. Kxc2 Rc8+ 30. Kd2 Bxb3 31. fxg5 hxg5 32. Bxg5 Kh7 33. Bf4 Rg8 34. Rb1 Be6 35. Ke3 Ra8 36. Bg5 Ra3+ 37. Kf2 Rh3 38. h6 Kg6 39. Rg1 Kf5 40. Rg3 Rh5 41. Ke3 Kxe5 42. Bf4+ Kf6 43. Bg5+ Kf5 44. Bf4 f6 45. Rg7 Rh3+ 46. Rg3 Rh4 47. Rf3 Kg6 48. Rf1 Bg4 49. Rg1 Kf5 50. Rg2 Rh3+ 51. Rg3 Rh1 52. Bd6 Rxh6 53. Rg2 Rh3+ 54. Bg3 Kg5 55. Kf2 f5 56. Rh2 f4 57. Rxh3 Bxh3 58. Bxf4+ 1/2-1/2


[Site "https://www.chess.com"]

[Event "Titled Tuesday Blitz August 23 Late 2022"]
[White "Zhigalko, Sergei"]
[Black "Wan, Joseph"]
[WhiteFideId "13502956"]
[BlackFideId "2069890"]
[WhiteElo "2662"]
[BlackElo "2198"]
[Result "1/2-1/2"]
[Round "08"]
[TimeControl "180+1"]
[Date "2022.08.23"]
[WhiteClock "0:00:11"]
[BlackClock "0:00:22"]

1. e4 e6 2. d4 d5 3. e5 c5 4. c3 Nc6 5. Nf3 Bd7 6. Be2 Nge7 7. Na3 Nf5 8. Nc2 Qb6 9. O-O cxd4 10. cxd4 Rc8 11. Bd3 Be7 12. g4 Nh4 13. Nxh4 Bxh4 14. g5 h6 15. gxh6 gxh6 16. Kh1 Be7 17. Rg1 Bf8 18. Qh5 Ne7 19. Rg4 Nf5 20. Ne3 Nxd4 21. Rf4 Nf5 22. Nxf5 exf5 23. Bxf5 Bxf5 24. Rxf5 Qg6 25. Qf3 Bc5 26. Be3 Bxe3 27. fxe3 Rg8 28. Rf1 Rc2 29. e6 Qg2+ 30. Qxg2 Rgxg2 31. exf7+ Kf8 32. Rh5 Rgf2 33. Rxf2 Rxf2 34. Rxh6 Rxb2 35. a4 Kxf7 36. a5 Rb3 37. a6 bxa6 38. Rxa6 Rxe3 39. Rxa7+ Kf6 40. Kg2 d4 41. Kf2 Re7 42. Rxe7 Kxe7 43. Ke2 Kf8 44. Kd3 Kg8 45. Kxd4 Kh8 46. Ke5 Kg8 47. Kf5 Kh8 48. h4 Kg8 49. h5 Kh8 50. Kg6 Kg8 51. h6 Kh8 52. h7 1/2-1/2


[Site "https://www.chess.com"]

[Event "Titled Tuesday Blitz August 23 Late 2022"]
[White "Aldokhin, Ivan"]
[Black "Zhigalko, Sergei"]
[WhiteFideId "24115720"]
[BlackFideId "13502956"]
[WhiteElo "2246"]
[BlackElo "2662"]
[Result "0-1"]
[Round "09"]
[TimeControl "180+1"]
[Date "2022.08.23"]
[WhiteClock "0:00:02"]
[BlackClock "0:00:13"]

1. e4 c5 2. Nf3 Nc6 3. d4 cxd4 4. Nxd4 Nf6 5. Nc3 e5 6. Ndb5 d6 7. Nd5 Nxd5 8. exd5 Nb8 9. c4 Be7 10. Be2 O-O 11. O-O Nd7 12. b4 a6 13. Nc3 f5 14. a4 Bf6 15. Ba3 e4 16. Rc1 b6 17. f4 exf3 18. Bxf3 Ne5 19. c5 Nc4 20. Qb3 Nd2 21. Qa2 Nxf1 22. Kxf1 bxc5 23. bxc5 Qa5 24. Qc4 Be5 25. c6 Qb6 26. Ne2 a5 27. Qb5 Qe3 28. Rb1 Ba6 29. Qb3 Bd3 30. Bc1 Qd4 31. Rb2 Bxh2 32. Ke1 Rfe8 33. Kd2 Bxe2+ 0-1


[Site "https://www.chess.com"]